[Event "December 19 Early 2023"]
[Site "https://www.chess.com"]
[Date "2023.12.19"]
[Round "4"]
[White "Azali, Tannaz"]
[Black "San Thit Lwin"]
[Result "0-1"]
[Board "175"]
[TimeControl "180+1"]
[WhiteFideId "12537721"]
[BlackFideId "13001272"]
[WhiteElo "1828"]
[BlackElo "2232"]
[WhiteTeam "IRI"]
[BlackTeam "MYA"]
[WhiteClock "0:01:12"]
[BlackClock "0:01:28"]

1. e4 Nf6 2. e5 Nd5 3. d4 d6 4. c4 Nb6 5. f4 dxe5 6. fxe5 Nc6 7. Be3 Bf5 8. Nc3 e6 9. Nf3 Be7 10. Be2 f6 11. exf6 Bxf6 12. O-O O-O 13. Qd2 Qe7 14. Rad1 Rad8 15. Kh1 h6 16. h3 g5 17. Qc1 Qg7 18. Bg1 Nxd4 19. Nxd4 Bxd4 20. Bxd4 Rxd4 21. Rxd4 Qxd4 22. Nb5 Qe5 23. Bf3 c6 24. Re1 Qg3 25. Nd4 Bxh3 26. gxh3 Qxh3+ 27. Kg1 Qg3+ 28. Bg2 Rf2 0-1

[Event "December 19 Early 2023"]
[Site "https://www.chess.com"]
[Date "2023.12.19"]
[Round "4"]
[White "Blokhin, Sofia"]
[Black "Czerw, Dawid"]
[Result "0-1"]
[Board "176"]
[TimeControl "180+1"]
[WhiteFideId "4508190"]
[BlackFideId "1145746"]
[WhiteElo "1916"]
[BlackElo "2144"]
[WhiteTeam "EST"]
[BlackTeam "POL"]
[WhiteClock "0:00:06"]
[BlackClock "0:00:53"]

1. d4 d5 2. c4 c6 3. Nc3 Nf6 4. e3 a6 5. cxd5 cxd5 6. Bd3 Nc6 7. Nf3 Bg4 8. h3 Bxf3 9. Qxf3 e6 10. O-O Bd6 11. Bd2 O-O 12. Ne2 Qe7 13. a3 Rfc8 14. Rac1 b5 15. Ng3 Nd7 16. Nh5 g6 17. Ng3 f5 18. Qe2 Nb6 19. Qd1 Nc4 20. Bxc4 bxc4 21. Ne2 Rab8 22. Bc3 Rb6 23. f3 Rcb8 24. e4 Na7 25. Re1 Nb5 26. exd5 exd5 27. Nf4 Qf7 28. Ne6 Bg3 29. Re2 Rxe6 0-1

[Event "December 19 Early 2023"]
[Site "https://www.chess.com"]
[Date "2023.12.19"]
[Round "4"]
[White "Fernandez Sanchez, Mario Andres"]
[Black "Nilsen, Tobias Lang"]
[Result "0-1"]
[Board "177"]
[TimeControl "180+1"]
[WhiteFideId "6501621"]
[BlackFideId "1521624"]
[WhiteElo "2050"]
[BlackElo "2221"]
[WhiteTeam "CRC"]
[BlackTeam "NOR"]
[WhiteClock "0:00:00"]
[BlackClock "0:00:06"]

1. d4 Nf6 2. Nc3 c5 3. d5 d6 4. e4 g6 5. Be2 Bg7 6. Nf3 O-O 7. O-O e6 8. Nd2 e5 9. Nc4 Ne8 10. a4 f5 11. f3 f4 12. a5 g5 13. Nb5 Rf6 14. c3 Bf8 15. b4 Nd7 16. Bd2 h5 17. Be1 Rg6 18. Rf2 g4 19. Rf1 a6 20. Nba3 Qg5 21. Kh1 cxb4 22. cxb4 Ndf6 23. Rg1 g3 24. h3 Qh4 25. Bf1 Nh7 26. Qa4 Bxh3 27. gxh3 Ng5 28. Qd7 Nxf3 29. Bg2 Nxg1 30. Kxg1 Rd8 31. Qxb7 f3 32. Ne3 fxg2 33. Nxg2 Qxh3 34. Bxg3 Qxg3 35. Ra2 Bh6 36. Qe7 Be3+ 37. Kf1 Qf3+ 38. Ke1 Rc8 0-1

[Event "December 19 Early 2023"]
[Site "https://www.chess.com"]
[Date "2023.12.19"]
[Round "4"]
[White "Hernando Rodrigo, Julio Antonio"]
[Black "Barwinska, Ewa"]
[Result "0-1"]
[Board "178"]
[TimeControl "180+1"]
[WhiteFideId "2208350"]
[BlackFideId "21833761"]
[WhiteElo "2260"]
[BlackElo "1879"]
[WhiteTeam "ESP"]
[BlackTeam "POL"]
[WhiteClock "0:01:49"]
[BlackClock "0:00:07"]

1. d4 b6 2. e4 Bb7 3. Bd3 Nf6 4. Nf3 Nxe4 5. O-O e6 6. c4 Be7 7. d5 exd5 8. cxd5 Bxd5 9. Qc2 Nc5 10. Bxh7 Bxf3 11. gxf3 Nc6 12. Nc3 Nd4 13. Qd1 Nde6 14. b4 Bf6 15. Bb2 Rxh7 16. bxc5 bxc5 17. Qc2 Rh6 18. Nd5 Bxb2 19. Qxb2 Qg5+ 20. Kh1 Qxd5 21. Qc3 Qd6 22. f4 Qxf4 23. h3 Qh4 24. Kg2 Qg5+ 25. Kh1 Qh4 26. Kh2 Qf4+ 27. Kh1 c6 28. Rfe1 Rb8 29. Qxg7 Rxh3+ 30. Kg2 Qf3+ 31. Kf1 Rh1+ 0-1

[Event "December 19 Early 2023"]
[Site "https://www.chess.com"]
[Date "2023.12.19"]
[Round "4"]
[White "Dmitrenko, Viktor"]
[Black "Golubenko, Valentina"]
[Result "0-1"]
[Board "179"]
[TimeControl "180+1"]
[WhiteFideId "14110270"]
[BlackFideId "4501993"]
[WhiteElo "2292"]
[BlackElo "2126"]
[WhiteTeam "UKR"]
[BlackTeam "CRO"]
[WhiteClock "0:00:00"]
[BlackClock "0:00:11"]

1. e4 g6 2. d4 Bg7 3. Nc3 b6 4. g3 Bb7 5. Bg2 e6 6. Nge2 Ne7 7. O-O O-O 8. Be3 f5 9. Qd2 Nbc6 10. Bg5 Qe8 11. exf5 Nxf5 12. d5 Ncd4 13. Nxd4 Nxd4 14. dxe6 Bxg2 15. Kxg2 Qxe6 16. f3 Qc6 17. Qd3 Rae8 18. Rf2 Rf5 19. Bd2 Ref8 20. Raf1 g5 21. Ne4 Qxc2 22. Qxc2 Nxc2 23. Nxg5 Bxb2 24. Bb4 R8f6 25. Rxc2 Rxg5 26. Rxb2 c5 27. Bc3 Re6 28. Rd2 d5 29. Rfd1 d4 30. Bb2 Rge5 31. Kf2 Re3 32. Bc1 Rf6 33. Rd3 Rfxf3+ 34. Kg2 Rxd3 0-1

[Event "December 19 Early 2023"]
[Site "https://www.chess.com"]
[Date "2023.12.19"]
[Round "4"]
[White "Liu, Kelsey"]
[Black "Mazurkiewicz, Michal"]
[Result "0-1"]
[Board "180"]
[TimeControl "180+1"]
[WhiteFideId "30944481"]
[BlackFideId "1124943"]
[WhiteElo "2261"]
[BlackElo "2103"]
[WhiteTeam "USA"]
[BlackTeam "POL"]
[WhiteClock "0:00:00"]
[BlackClock "0:00:57"]

1. e4 d6 2. d4 Nf6 3. Nc3 c6 4. Bd3 e5 5. Nge2 b5 6. a3 Be7 7. f3 O-O 8. Be3 Nbd7 9. Ng3 Re8 10. d5 cxd5 11. Nxb5 d4 12. Bd2 a6 13. Nxd4 exd4 14. Nf5 Bf8 15. Nxd4 d5 16. O-O dxe4 17. fxe4 Nxe4 18. Qf3 Ndf6 19. Be3 Bb7 20. Qh3 Nd5 21. Nf5 Nxe3 22. Nxe3 Bc5 23. Kh1 Ng5 24. Qg3 Rxe3 25. Qf4 Bxg2+ 26. Kxg2 Qd5+ 0-1

[Event "December 19 Early 2023"]
[Site "https://www.chess.com"]
[Date "2023.12.19"]
[Round "4"]
[White "Bon, Michael"]
[Black "Fernandez Siles, Luis"]
[Result "0-1"]
[Board "181"]
[TimeControl "180+1"]
[WhiteFideId "620696"]
[BlackFideId "2209420"]
[WhiteElo "2463"]
[BlackElo "2195"]
[WhiteTeam "FRA"]
[BlackTeam "ESP"]
[WhiteClock "0:00:00"]
[BlackClock "0:01:07"]

1. e4 c5 2. c3 d5 3. exd5 Nf6 4. d4 cxd4 5. Qxd4 Qxd5 6. Qxd5 Nxd5 7. Bc4 Nb6 8. Bb3 Bf5 9. Be3 N8d7 10. Nd2 Ne5 11. Ngf3 Nd3+ 12. Ke2 Nxb2 13. Ne5 e6 14. g4 Bg6 15. a4 Nd5 16. Rhc1 Bd6 17. Nxg6 hxg6 18. Ra2 Nxe3 19. Kxe3 Bc5+ 20. Ke2 Rxh2 21. Ne4 Bxf2 22. Nxf2 Rxf2+ 23. Kxf2 Nd3+ 24. Ke3 Nxc1 25. Rh2 O-O-O 26. Bc2 Na2 27. Bd3 Nxc3 28. Rc2 Rd5 29. Rxc3+ Kd7 30. Be4 Ra5 31. Bxb7 Kd6 32. Bc6 g5 33. Be8 f5 34. Rd3+ Ke5 35. gxf5 exf5 36. Bb5 g4 37. Rc3 f4+ 38. Kf2 a6 39. Rc5+ Kd4 40. Rc4+ Ke5 41. Rc5+ Kd4 42. Rc4+ Kd5 43. Rxf4 axb5 44. Rxg4 Rxa4 45. Rxg7 Kc4 46. Rg4+ Kb3 47. Rg5 b4 48. Ke2 Ra2+ 49. Kd1 Rc2 50. Rg4 Rc3 51. Rf4 Ka3 52. Rg4 b3 53. Kd2 Rc8 54. Rg3 Ka2 55. Rg6 b2 56. Ra6+ Kb1 0-1

[Event "December 19 Early 2023"]
[Site "https://www.chess.com"]
[Date "2023.12.19"]
[Round "4"]
[White "Rakhimgaliyev, Yerlan"]
[Black "Zainullina, Nataliya"]
[Result "1-0"]
[Board "182"]
[TimeControl "180+1"]
[WhiteFideId "13705148"]
[BlackFideId "4145488"]
[WhiteElo "2261"]
[BlackElo "2243"]
[WhiteTeam "KAZ"]
[BlackTeam "RUS"]
[WhiteClock "0:01:45"]
[BlackClock "0:00:34"]

1. e4 e5 2. Nf3 Nc6 3. Bb5 Bc5 4. O-O Nge7 5. c3 Bb6 6. d4 exd4 7. cxd4 d5 8. exd5 Nxd5 9. Re1+ Be6 10. Ne5 Qd6 11. Nc3 O-O 12. Ne4 Qb4 13. Bxc6 bxc6 14. Nxc6 Qc4 15. Nc5 Bxc5 16. dxc5 Qxc5 17. Nd4 Rad8 18. Nxe6 fxe6 19. Qe2 Rde8 20. Be3 Nxe3 21. Qxe3 Qxe3 22. Rxe3 Rf5 23. Rc1 Rb5 24. b3 c5 25. Re5 Rd8 26. g3 Rd2 27. a4 Rxb3 28. Rexc5 Rbb2 29. Rc8+ Kf7 30. R1c7+ Kg6 31. Rf8 a5 32. Ra7 Rd5 33. Rg8 Rd1+ 34. Kg2 Rdd2 35. Rgxg7+ Kf5 36. Raf7+ Ke5 37. Rxh7 Ra2 38. Rf4 Kd5 39. Rd7+ Kc5 40. Rxd2 Rxd2 41. h4 e5 42. Rg4 Kd5 43. h5 Ra2 44. h6 Ke6 45. h7 1-0

[Event "December 19 Early 2023"]
[Site "https://www.chess.com"]
[Date "2023.12.19"]
[Round "4"]
[White "Kashtanov, Ruslan"]
[Black "Franchini, Gabriele"]
[Result "1-0"]
[Board "183"]
[TimeControl "180+1"]
[WhiteFideId "4124871"]
[BlackFideId "806790"]
[WhiteElo "2263"]
[BlackElo "2215"]
[WhiteTeam "RUS"]
[BlackTeam "ITA"]
[WhiteClock "0:00:49"]
[BlackClock "0:00:04"]

1. e4 e6 2. d4 d5 3. Nd2 c5 4. Ngf3 cxd4 5. Nxd4 Nc6 6. Bb5 Bd7 7. Nxc6 Bxc6 8. Bxc6+ bxc6 9. c4 Bc5 10. Qa4 Qd7 11. O-O Ne7 12. Nb3 Bd6 13. Rd1 Rd8 14. Be3 Nc8 15. Nc5 Bxc5 16. Bxc5 Nb6 17. Qa6 Nxc4 18. Rac1 Nxb2 19. Rd2 Rb8 20. Rb1 Qc8 21. Qxc8+ Rxc8 22. Rbxb2 dxe4 23. Rb7 1-0

[Event "December 19 Early 2023"]
[Site "https://www.chess.com"]
[Date "2023.12.19"]
[Round "4"]
[White "Mohammadi, Melika"]
[Black "Bach, Matthias"]
[Result "1-0"]
[Board "184"]
[TimeControl "180+1"]
[WhiteFideId "42529271"]
[BlackFideId "4603168"]
[WhiteElo "1901"]
[BlackElo "2130"]
[WhiteTeam "IRI"]
[BlackTeam "GER"]
[WhiteClock "0:00:04"]
[BlackClock "0:00:00"]

1. e4 e5 2. Nf3 Nc6 3. Bb5 Bc5 4. O-O d6 5. c3 a6 6. Ba4 Ba7 7. d4 exd4 8. cxd4 Ne7 9. Nc3 O-O 10. h3 d5 11. exd5 Nxd5 12. Bb3 Be6 13. Ne4 h6 14. Nc5 Bxc5 15. dxc5 Ndb4 16. Bxe6 fxe6 17. Bd2 Qd5 18. a3 Nd3 19. b4 e5 20. Be3 e4 21. Nd2 Nce5 22. Qb3 c6 23. Rab1 Kh8 24. Qc3 Rad8 25. Rbd1 Rf6 26. Kh1 Rg6 27. Nb3 Qf7 28. Nd4 Rd5 29. f3 exf3 30. Nxf3 Qe6 31. Nxe5 Nxe5 32. Rxd5 cxd5 33. Bd4 Nc4 34. Re1 Qf5 35. Qf3 Qxf3 36. gxf3 Rg3 37. Re8+ Kh7 38. Re7 1-0

[Event "December 19 Early 2023"]
[Site "https://www.chess.com"]
[Date "2023.12.19"]
[Round "4"]
[White "Arshiya Das"]
[Black "Kanyamarala, Trisha"]
[Result "0-1"]
[Board "185"]
[TimeControl "180+1"]
[WhiteFideId "25652150"]
[BlackFideId "45004722"]
[WhiteElo "1481"]
[BlackElo "2078"]
[WhiteTeam "IND"]
[BlackTeam "IRL"]
[WhiteClock "0:00:13"]
[BlackClock "0:00:01"]

1. e4 c5 2. Nf3 d6 3. d4 cxd4 4. Nxd4 Nf6 5. Nc3 Nc6 6. Nxc6 bxc6 7. Bd3 e5 8. O-O Be7 9. f4 O-O 10. Kh1 a5 11. Qe1 Kh8 12. fxe5 dxe5 13. Ne2 c5 14. Ng3 Be6 15. b3 a4 16. Bg5 h6 17. Bxf6 Bxf6 18. Qc3 Qd4 19. Qd2 axb3 20. Ne2 Qd6 21. axb3 Bd7 22. Qc3 Bg5 23. Bc4 Qe7 24. Qf3 Rxa1 25. Rxa1 f5 26. Nc3 fxe4 27. Qxe4 Bf5 28. Qe2 e4 29. Re1 Re8 30. Bb5 Rb8 31. Bc6 e3 32. Bf3 Qe5 33. Nd5 Re8 34. c4 Qd4 35. Rd1 Qe5 36. Re1 Bh4 37. Rd1 Bf2 38. Rc1 Rb8 39. Rc3 Qd4 40. h3 Be6 41. Qc2 Bxd5 42. cxd5 Rf8 43. Rd3 Qh4 44. d6 Qg3 45. Qe2 Be1 46. d7 Rd8 47. Kg1 Ba5 48. Rd5 Bc7 49. Rd1 Qh2+ 50. Kf1 Qh1# 0-1

[Event "December 19 Early 2023"]
[Site "https://www.chess.com"]
[Date "2023.12.19"]
[Round "4"]
[White "Omariev, Maksim"]
[Black "Chemin, Justo Reinaldo"]
[Result "1-0"]
[Board "186"]
[TimeControl "180+1"]
[WhiteFideId "4193423"]
[BlackFideId "2101580"]
[WhiteElo "2453"]
[BlackElo "1940"]
[WhiteTeam "RUS"]
[BlackTeam "BRA"]
[WhiteClock "0:00:20"]
[BlackClock "0:00:00"]

1. e4 d5 2. exd5 Qxd5 3. Nf3 Nf6 4. d4 Bg4 5. Be2 Nc6 6. c4 Qd8 7. d5 Bxf3 8. gxf3 Ne5 9. f4 Ng6 10. h4 Qd6 11. Qd2 h5 12. Nc3 a6 13. f5 Ne5 14. Qd4 e6 15. Bf4 Nfd7 16. fxe6 fxe6 17. c5 Qxc5 18. Bxe5 Qxd4 19. Bxd4 e5 20. Be3 O-O-O 21. O-O-O Nf6 22. Bd3 Bb4 23. Bf5+ Kb8 24. Be6 Rhe8 25. a3 Bxc3 26. bxc3 c6 27. c4 cxd5 28. cxd5 Ne4 29. Kb2 Nd6 30. Rc1 Nb5 31. a4 Nc7 32. Bb6 Nxe6 33. dxe6 1-0

[Event "December 19 Early 2023"]
[Site "https://www.chess.com"]
[Date "2023.12.19"]
[Round "4"]
[White "Essing, Arnold"]
[Black "Kovalyov, Eduard"]
[Result "1-0"]
[Board "187"]
[TimeControl "180+1"]
[WhiteFideId "4619862"]
[BlackFideId "14118033"]
[WhiteElo "2257"]
[BlackElo "2300"]
[WhiteTeam "GER"]
[BlackTeam "UKR"]
[WhiteClock "0:00:23"]
[BlackClock "0:00:08"]

1. d4 Nf6 2. Nf3 d5 3. c4 e6 4. Nc3 c5 5. e3 Nc6 6. a3 a6 7. dxc5 Bxc5 8. b4 Ba7 9. Bb2 O-O 10. Be2 d4 11. exd4 Nxd4 12. Nxd4 Bxd4 13. Bf3 e5 14. O-O Qc7 15. c5 Be6 16. Na4 Bxb2 17. Nxb2 e4 18. Be2 Rad8 19. Qc2 Qe5 20. h3 g6 21. Bc4 Bf5 22. Qe2 h5 23. Rad1 Kg7 24. Ba2 Qf4 25. Nc4 Qg5 26. Kh2 Nd5 27. Rg1 Nf4 28. Qf1 Rxd1 29. Qxd1 Rd8 30. Nd6 Rd7 31. Qa1+ Kg8 32. Qe5 Re7 33. Bxf7+ Kh7 34. Qb2 Nd3 35. Qe2 Qf4+ 36. g3 Qxf2+ 37. Qxf2 Nxf2 38. Bc4 Nxh3 39. Re1 Ng5 40. Kg2 Nf3 41. Re3 Nd2 42. Bd5 Bg4 43. Bxb7 Bf3+ 44. Kf2 a5 45. c6 axb4 46. axb4 g5 47. b5 g4 48. b6 Kg6 49. c7 1-0

[Event "December 19 Early 2023"]
[Site "https://www.chess.com"]
[Date "2023.12.19"]
[Round "4"]
[White "Papp, Petra"]
[Black "Bazilius, Augustinas"]
[Result "0-1"]
[Board "188"]
[TimeControl "180+1"]
[WhiteFideId "739049"]
[BlackFideId "12832251"]
[WhiteElo "2270"]
[BlackElo "2082"]
[WhiteTeam "HUN"]
[BlackTeam "LTU"]
[WhiteClock "0:00:19"]
[BlackClock "0:00:08"]

1. e4 b6 2. d4 Bb7 3. Nc3 d6 4. Be3 e6 5. Qd2 Nf6 6. f3 Be7 7. g4 h6 8. O-O-O a6 9. h4 b5 10. Bg2 b4 11. Nce2 a5 12. g5 hxg5 13. hxg5 Rxh1 14. Bxh1 Nh5 15. g6 fxg6 16. Nf4 Nxf4 17. Bxf4 Nd7 18. Nh3 Nf8 19. Ng5 Qd7 20. Kb1 O-O-O 21. a3 d5 22. axb4 Bxb4 23. c3 Be7 24. Nf7 Re8 25. Ne5 Qb5 26. Bg2 a4 27. Bf1 Qb3 28. Bd3 a3 29. Qc2 Qb6 30. c4 dxc4 31. Bxc4 g5 32. Be3 Qxb2+ 33. Qxb2 axb2 34. Kxb2 Bf6 35. Ng4 Rd8 36. e5 Be7 37. Be2 Ng6 38. Kc3 Nh4 39. Rf1 Rf8 40. Nh2 Nf5 41. Bf2 Rh8 42. Ng4 Rh3 43. Be1 c5 44. dxc5 Bxc5 45. Bf2 Bxf3 46. Bxf3 Rxf3+ 47. Kc4 Ne3+ 48. Nxe3 Bxe3 49. Rd1 Bxf2 50. Rd6 Bb6 51. Rxb6 Kd7 52. Rd6+ Ke7 53. Kc5 Rc3+ 54. Kd4 Rc1 55. Ke4 Re1+ 56. Kf3 Rxe5 57. Ra6 Rf5+ 58. Kg4 Kf6 59. Ra7 Rf4+ 60. Kg3 g6 61. Rd7 Re4 62. Ra7 Re3+ 63. Kf2 Rb3 64. Ra4 e5 65. Rc4 Kf5 66. Rc8 g4 67. Rf8+ Kg5 68. Kg2 Rb2+ 69. Kg3 Rb3+ 70. Kg2 Rb4 71. Kg3 Rf4 72. Re8 Rf3+ 73. Kg2 Kf4 74. Rf8+ Ke4 75. Ra8 Rd3 76. Ra4+ Kf5 77. Ra6 Rd2+ 78. Kg3 g5 79. Ra8 Rd3+ 80. Kg2 g3 81. Rg8 Kg4 82. Rf8 Rd2+ 83. Kg1 e4 84. Re8 Kf3 85. Rf8+ Ke3 86. Kf1 Rf2+ 87. Kg1 Rxf8 88. Kg2 Rf2+ 89. Kxg3 Ke2 90. Kh3 e3 91. Kg4 Rf4+ 92. Kg3 Rf8 93. Kh3 Kd3 94. Kg4 e2 95. Kg3 e1=Q+ 96. Kg2 Qf2+ 97. Kh3 Rf3+ 98. Kg4 Qg3+ 99. Kh5 Qh4+ 100. Kg6 g4 101. Kg7 g3 102. Kg6 g2 103. Kg7 g1=R# 0-1

[Event "December 19 Early 2023"]
[Site "https://www.chess.com"]
[Date "2023.12.19"]
[Round "4"]
[White "Herman, Daniel"]
[Black "Guzman Lozano, Campo Elias"]
[Result "1-0"]
[Board "190"]
[TimeControl "180+1"]
[WhiteFideId "30935008"]
[BlackFideId "4403746"]
[WhiteElo "1897"]
[BlackElo "2099"]
[WhiteTeam "USA"]
[BlackTeam "COL"]
[WhiteClock "0:00:21"]
[BlackClock "0:01:36"]

1. d4 Nf6 2. c4 e6 3. g3 d5 4. Bg2 dxc4 5. Nf3 c5 6. Na3 cxd4 7. Qxd4 Bb4+ 8. Bd2 Qxd4 9. Nxd4 Bxa3 10. bxa3 O-O 11. Rb1 Nbd7 12. O-O Rd8 13. Rfc1 Nb6 14. e3 e5 15. Nf3 Be6 16. Ba5 Rd3 17. Nxe5 Rxa3 18. Bxb6 axb6 19. Rxb6 Rxa2 20. Rxb7 Ra1 21. Rbb1 Rxb1 22. Rxb1 h5 23. Bxa8 1-0

[Event "December 19 Early 2023"]
[Site "https://www.chess.com"]
[Date "2023.12.19"]
[Round "4"]
[White "Kiseleva, Arina"]
[Black "Perossa, Nicolas"]
[Result "0-1"]
[Board "191"]
[TimeControl "180+1"]
[WhiteFideId "4164989"]
[BlackFideId "2850520"]
[WhiteElo "1740"]
[BlackElo "1934"]
[WhiteTeam "RUS"]
[BlackTeam "ITA"]
[WhiteClock "0:00:00"]
[BlackClock "0:00:04"]

1. d4 d6 2. g3 e5 3. Bg2 exd4 4. Qxd4 Nc6 5. Qd1 Nf6 6. Nf3 Be7 7. O-O O-O 8. b3 Re8 9. Bb2 Bf5 10. Nd4 Nxd4 11. Qxd4 c6 12. c4 Bf8 13. e3 Be4 14. Nd2 Bxg2 15. Kxg2 Qd7 16. Rad1 Qf5 17. Nf3 Re4 18. Qd3 Rae8 19. Nd2 Rf4 20. e4 Qg6 21. Bxf6 Rxf6 22. f4 Qh5 23. Nf3 Qg4 24. h3 Qh5 25. g4 Qa5 26. Ng5 h6 27. e5 Rg6 28. Nxf7 Kxf7 29. Qf5+ Kg8 30. Qxg6 Rd8 31. e6 Qxa2+ 32. Rf2 Qxb3 33. Qf7+ Kh8 34. e7 Bxe7 35. Qxe7 Rg8 36. Rxd6 Qxc4 37. Rd8 Rxd8 38. Qxd8+ Kh7 39. Qe7 Qd5+ 40. Kg1 Qb3 41. Kh2 a5 42. Qe4+ Kh8 43. Rd2 Qb6 44. Qe7 Qb1 45. Rd8+ Kh7 46. Qe2 b5 47. Qd3+ Qxd3 48. Rxd3 c5 49. f5 c4 50. Rd5 b4 51. Rc5 c3 52. Kg3 a4 53. Kf3 b3 54. Rxc3 b2 0-1

[Event "December 19 Early 2023"]
[Site "https://www.chess.com"]
[Date "2023.12.19"]
[Round "4"]
[White "Serban, Cristian-Stefan"]
[Black "Demina, Marya"]
[Result "1-0"]
[Board "192"]
[TimeControl "180+1"]
[WhiteFideId "1241443"]
[BlackFideId "4195671"]
[WhiteElo "2040"]
[BlackElo "1978"]
[WhiteTeam "ROU"]
[BlackTeam "RUS"]
[WhiteClock "0:00:05"]
[BlackClock "0:00:00"]

1. d4 Nf6 2. Bf4 c5 3. e3 cxd4 4. exd4 d5 5. Bd3 Nc6 6. c3 Bg4 7. Qb3 Qc8 8. Nd2 e6 9. Ngf3 Be7 10. O-O O-O 11. Rfe1 a6 12. a4 Na5 13. Qc2 Nc4 14. Ne5 Nxd2 15. Nxg4 Nde4 16. Nxf6+ Nxf6 17. a5 Re8 18. h3 Qc6 19. g4 g6 20. Kg2 Nd7 21. Bg3 Bd6 22. f4 b5 23. b4 Rac8 24. Rac1 Qc7 25. Qf2 Nb8 26. h4 Nc6 27. h5 Kg7 28. Rh1 h6 29. g5 Rh8 30. hxg6 fxg6 31. gxh6+ Rxh6 32. Rxh6 Kxh6 33. Qe2 Qf7 34. Qg4 Kg7 35. Re1 Re8 36. Qg5 Rh8 37. f5 Bxg3 38. Qxg3 exf5 39. Qd6 Nd8 40. Re7 Rf8 41. Rxf7+ Nxf7 42. Qxa6 Re8 43. Qxb5 Re3 44. a6 f4 45. a7 f3+ 46. Kf2 Ne5 47. dxe5 Rxe5 48. a8=Q 1-0

[Event "December 19 Early 2023"]
[Site "https://www.chess.com"]
[Date "2023.12.19"]
[Round "4"]
[White "Liu, Casper"]
[Black "Quirke, Jeffrey"]
[Result "1-0"]
[Board "193"]
[TimeControl "180+1"]
[WhiteFideId "1454153"]
[BlackFideId "2013029"]
[WhiteElo "2221"]
[BlackElo "2155"]
[WhiteTeam "DEN"]
[BlackTeam "USA"]
[WhiteClock "0:01:07"]
[BlackClock "0:00:12"]

1. f4 c5 2. Nf3 Nc6 3. e3 g6 4. g3 Bg7 5. Bg2 Nf6 6. O-O O-O 7. Nc3 d6 8. d3 e5 9. Qe1 Rb8 10. a4 b6 11. h3 Bb7 12. g4 exf4 13. exf4 Re8 14. Qh4 Nb4 15. Rf2 Nfd5 16. Qxd8 Rbxd8 17. Ne4 a6 18. g5 Ne7 19. Ne1 d5 20. Nf6+ Bxf6 21. gxf6 Nf5 22. Bd2 Nc6 23. c3 Re6 24. Nf3 Rxf6 25. Re1 Kf8 26. Ng5 Kg7 27. c4 h6 28. cxd5 Ncd4 29. Ne4 Bxd5 30. Nxf6 Kxf6 31. Be4 b5 32. axb5 axb5 33. b4 c4 34. dxc4 bxc4 35. Bc3 Bxe4 36. Rxe4 Kg7 37. Rd2 Kf8 38. Rdxd4 1-0

[Event "December 19 Early 2023"]
[Site "https://www.chess.com"]
[Date "2023.12.19"]
[Round "4"]
[White "Negron Lizarazo, Juan Sebastian"]
[Black "Uritsky, Yonathan"]
[Result "0-1"]
[Board "194"]
[TimeControl "180+1"]
[WhiteFideId "3936910"]
[BlackFideId "2825651"]
[WhiteElo "1647"]
[BlackElo "2168"]
[WhiteTeam "COL"]
[BlackTeam "ISR"]
[WhiteClock "0:00:05"]
[BlackClock "0:00:08"]

1. e4 c6 2. d4 d5 3. e5 Bf5 4. Nf3 e6 5. Be2 Bg6 6. O-O Ne7 7. c3 Nd7 8. Nbd2 c5 9. a3 c4 10. b3 cxb3 11. Qxb3 Qc7 12. c4 dxc4 13. Nxc4 Nd5 14. Bd2 Be7 15. Rfc1 O-O 16. Nd6 Qb6 17. Qxb6 axb6 18. Nc4 Rfc8 19. Bg5 Bxg5 20. Nxg5 Rc6 21. Nd6 Rxa3 22. Bb5 Rxa1 23. Rxa1 Ne7 24. Ra8+ Nf8 25. Bxc6 Nxc6 26. Nf3 Bh5 27. Nc4 Bxf3 28. gxf3 Nxd4 29. Nxb6 Nxf3+ 30. Kg2 Nxe5 31. Rb8 g6 32. f4 Nd3 33. Nd7 Nxf4+ 34. Kf3 Nd5 35. Nxf8 Kg7 36. Nd7 Nb4 37. Rxb7 Nc6 38. Nc5 Nd4+ 39. Ke4 Nf5 40. Nxe6+ Kf6 41. Rb6 fxe6 42. Kf4 h5 43. h3 g5+ 44. Kf3 Ke5 45. Rb5+ Kf6 46. Ra5 Nd4+ 47. Ke4 Ne2 48. Ra8 Ng3+ 49. Kf3 Nf5 50. Rf8+ Kg7 51. Re8 Kf7 52. Ra8 Kf6 53. Ra7 Nd4+ 54. Ke4 Nf5 55. Kf3 Kg6 56. Ke4 g4 57. Ra8 gxh3 58. Kf3 Kf6 59. Rh8 Kg5 60. Rg8+ Kh4 61. Rg1 h2 62. Rh1 Kh3 63. Kf4 Ng3 64. Rxh2+ Kxh2 65. Kg5 e5 66. Kh4 e4 67. Kg5 e3 68. Kh4 e2 69. Kg5 e1=Q 70. Kh4 Qe4+ 0-1

[Event "December 19 Early 2023"]
[Site "https://www.chess.com"]
[Date "2023.12.19"]
[Round "4"]
[White "Feliz Dotel, Dewar Bienvenido"]
[Black "Zeneli, Klendi"]
[Result "0-1"]
[Board "195"]
[TimeControl "180+1"]
[WhiteFideId "6402801"]
[BlackFideId "4706609"]
[WhiteElo "2069"]
[BlackElo "1974"]
[WhiteTeam "DOM"]
[BlackTeam "ALB"]
[WhiteClock "0:00:00"]
[BlackClock "0:00:21"]

1. Nf3 d5 2. c4 e6 3. g3 Nf6 4. Bg2 Be7 5. O-O O-O 6. d4 dxc4 7. Ne5 Nc6 8. Nxc6 bxc6 9. Qa4 Qxd4 10. Bxc6 Rb8 11. Nc3 e5 12. Rd1 Qb6 13. Bf3 Bc5 14. e3 Be6 15. Qc2 Be7 16. Ne4 Rfd8 17. b3 cxb3 18. axb3 Bxb3 19. Rxd8+ Rxd8 20. Nxf6+ Bxf6 21. Qb1 e4 22. Bg4 Bxa1 23. Qxa1 Qg6 24. h3 Bd1 25. Bb2 Bxg4 26. hxg4 Qxg4 27. Bd4 h5 28. Qxa7 h4 29. Qxc7 Rc8 30. Qf4 Rc1+ 31. Kh2 Qe2 32. gxh4 Qf1 0-1

[Event "December 19 Early 2023"]
[Site "https://www.chess.com"]
[Date "2023.12.19"]
[Round "4"]
[White "Sevostianov, Vladimir"]
[Black "Gutierrez Olivares, Daniel"]
[Result "0-1"]
[Board "196"]
[TimeControl "180+1"]
[WhiteFideId "4144163"]
[BlackFideId "2264005"]
[WhiteElo "2150"]
[BlackElo "2317"]
[WhiteTeam "RUS"]
[BlackTeam "ESP"]
[WhiteClock "0:01:56"]
[BlackClock "0:02:13"]

1. d4 Nf6 2. Nf3 e6 3. c4 c5 4. e3 b6 5. Nc3 Bb7 6. d5 exd5 7. cxd5 Bd6 8. Be2 O-O 9. O-O Re8 10. a4 Na6 11. Bxa6 Bxa6 12. Re1 h6 13. h3 Ne4 14. Qc2 f5 15. Nd2 Nxf2 16. Kxf2 Qh4+ 17. Kg1 Qxe1+ 0-1

[Event "December 19 Early 2023"]
[Site "https://www.chess.com"]
[Date "2023.12.19"]
[Round "4"]
[White "Bowden, Karl"]
[Black "Yushko, Olga"]
[Result "1-0"]
[Board "197"]
[TimeControl "180+1"]
[WhiteFideId "400548"]
[BlackFideId "14114500"]
[WhiteElo "2433"]
[BlackElo "1891"]
[WhiteTeam "ENG"]
[BlackTeam "UKR"]
[WhiteClock "0:00:45"]
[BlackClock "0:01:53"]

1. e4 e6 2. d3 d5 3. Qe2 Be7 4. Nf3 Nf6 5. g3 O-O 6. Bg2 c5 7. O-O Nc6 8. e5 Nd7 9. c4 Qc7 10. Bf4 dxc4 11. dxc4 Nd4 12. Nxd4 cxd4 13. h4 Nc5 14. Rd1 d3 15. Qe3 Rd8 16. Nc3 Rb8 17. Nb5 Qb6 18. b4 a6 19. Nd6 Qxb4 20. Rab1 Qa5 21. Bf1 b5 22. Qxc5 Bxd6 23. exd6 Bb7 24. d7 Ra8 25. Bc7 Qxa2 26. Bxd8 Rxd8 27. Qe7 Qa5 28. Qe8+ 1-0

[Event "December 19 Early 2023"]
[Site "https://www.chess.com"]
[Date "2023.12.19"]
[Round "4"]
[White "Sailer, Mike"]
[Black "Gurevich, Dmitry"]
[Result "1-0"]
[Board "198"]
[TimeControl "180+1"]
[WhiteFideId "2012901"]
[BlackFideId "2000407"]
[WhiteElo "2109"]
[BlackElo "2506"]
[WhiteTeam "USA"]
[BlackTeam "USA"]
[WhiteClock "0:00:09"]
[BlackClock "0:00:00"]

1. d4 Nf6 2. Nc3 d5 3. Bf4 a6 4. e3 e6 5. Nf3 c5 6. a3 Nc6 7. dxc5 Bxc5 8. Bd3 Bd6 9. Bxd6 Qxd6 10. e4 d4 11. Ne2 e5 12. O-O O-O 13. h3 h6 14. Ng3 Be6 15. Re1 Rac8 16. Nf5 Bxf5 17. exf5 Rfe8 18. Nd2 b5 19. b4 Nd5 20. Ne4 Qd8 21. Nc5 Nc3 22. Qf3 a5 23. Nb7 Qc7 24. Nxa5 Nxa5 25. bxa5 f6 26. a6 Ra8 27. a4 Rxa6 28. axb5 Rxa1 29. Rxa1 e4 30. Qh5 Kf8 31. b6 Qxb6 32. Bc4 Qc7 33. Ra6 e3 34. fxe3 dxe3 35. Rc6 Qd7 36. Rd6 Qc7 37. Rc6 1-0